 Dungeon Crawl Stone Soup version 0.30-a0-269-gf0224bf7b6 (webtiles) character file.

Game seed: 2244430054146002898

548015 Sobieck the Slayer (level 26, -2/317 (326) HPs)
             Began as an Ogre Transmuter on Oct 13, 2022.
             Was the Champion of Wu Jian.
             Slain by a Tzitzimitl (4 damage)
             ... called by a doom hound
             ... on level 2 of the Realm of Zot on Oct 14, 2022.
             The game lasted 03:38:14 (68452 turns).

Sobieck the Slayer (Ogre Transmuter)               Turns: 68452, Time: 03:38:15

HP:   -2/317 (326)  AC: 21    Str: 29    XL:     26   Next: 21%
MP:   39/39         EV: 24    Int: 20    God:    Wu Jian [******]
Gold: 12725         SH:  5    Dex:  9    Spells: 30/59 levels left

rFire   + . .      SeeInvis .      - Unarmed
rCold   + . .      Faith    .    (shield currently unavailable)
rNeg    + . .      Spirit   .    (body armour currently unavailable)
rPois   ∞          Reflect  +    (helmet currently unavailable)
rElec   +          Harm     .    (cloak currently unavailable)
rCorr   .          Rampage  .    (gloves unavailable)
Will    +++..                    (boots unavailable)
Stlth   +.........               a - amulet of reflection
HPRegen 0.72/turn                U - ring "Kyjafas" {rElec rPois rF+ rN+ Will+}
MPRegen 0.26/turn                E - ring "Pegerhia" {+Blink rC+ Str+6}

@: about to teleport, storm-form (expiring), flying, slowed, studying 4 skills,
lightly drained, very slow
A: cleaving, insubstantial, flying, large, unfitting armour, (tough skin 1),
(iridescent scales 1), low MP 1, robust 1
}: 3/15 runes: decaying, serpentine, silver
a: Blinkbolt, End Transformation, Renounce Religion, Evoke Blink, Wall Jump,
Serpent's Lash, Heavenly Storm


You were on level 2 of the Realm of Zot.
You worshipped Wu Jian.
Wu Jian was exalted by your worship.
You were a lightning-filled tempest!
You visited 11 branches of the dungeon, and saw 48 of its levels.
You also visited: Wizlab.

You collected 14211 gold pieces.
You spent 1486 gold pieces at shops.


Innate Abilities, Weirdness & Mutations

You are a lightning-filled tempest!
Your electrical attacks strike out in all directions at once.
You are incredibly evasive.
Your insubstantial body is immune to petrification, constriction, and being set on fire You are flying.
You are immune to poison.
Your armour is entirely melded.
You are incapable of wielding weapons or throwing items.
You are too large for most types of armour.
((You have tough skin. (AC +1)))
((You are partially covered in iridescent scales. (AC +2)))
Your magical capacity is low. (-10% MP)
You are robust. (+10% HP)


   Skills:
 + Level 23.5 Fighting
 - Level 12.0 Dodging
 - Level 22.0 Unarmed Combat
 - Level 17.0 Spellcasting
 - Level 5.0 Conjurations
 - Level 16.0 Translocations
 - Level 20.0 Transmutations
 - Level 6.0 Ice Magic
 - Level 12.0 Air Magic
 - Level 5.0 Earth Magic


You had 30 spell levels left.
You knew the following spells:

 Your Spells              Type           Power      Damage    Failure   Level
a - Storm Form            Tmut/Air       34%        N/A       4%          7
b - Wereblood             Tmut           77%        N/A       0%          2
d - Swiftness             Air            60%        N/A       1%          3
e - Passwall              Tmut/Erth      50%        N/A       1%          2
f - Statue Form           Tmut/Erth      40%        N/A       3%          6
h - Manifold Assault      Tloc           69%        N/A       1%          4
i - Irradiate             Conj/Tmut      30%        3d21      1%          5

Your spell library contained the following spells:

 Spells                   Type           Power      Damage    Failure   Level
 Apportation              Tloc           100%       N/A       0%          1
 Beastly Appendage        Tmut           100%       N/A       0%          1
 Blink                    Tloc           100%       N/A       0%          2
 Gell's Gravitas          Tloc           69%        N/A       0%          3
 Lesser Beckoning         Tloc           100%       N/A       0%          3
 Teleport Other           Tloc           69%        N/A       0%          3
 Foxfire                  Conj/Fire      100%       2x1d9     1%          1
 Freeze                   Ice            100%       1d10      1%          1
 Kiss of Death            Conj/Necr      100%       2d13      1%          1
 Magic Dart               Conj           100%       1d8       1%          1
 Sandblast                Erth           74%        2d16      1%          1
 Shock                    Conj/Air       100%       1d9       1%          1
 Ensorcelled Hibernation  Hex/Ice        58%        N/A       1%          2
 Momentum Strike          Conj/Tloc      100%       3d10      1%          2
 Searing Ray              Conj           74%        2d7       1%          2
 Frozen Ramparts          Ice            82%        1d13      1%          3
 Hailstorm                Conj/Ice       39%        3d9       1%          3
 Ignite Poison            Fire/Tmut/Pois 43%        N/A       1%          3
 Kindle Blastsparks       Fire/Tloc/Air  100%       2d18      1%          3
 Mephitic Cloud           Conj/Pois/Air  39%        N/A       1%          3
 Ozocubu's Armour         Ice            41%        N/A       1%          3
 Spider Form              Tmut/Pois      54%        N/A       1%          3
 Stone Arrow              Conj/Erth      74%        3d11      1%          3
 Vhi's Electric Charge    Tloc/Air       100%       N/A       1%          3
 Ice Form                 Ice/Tmut       62%        N/A       1%          4
 Iskenderun's Mystic Bla  Conj/Tloc      56%        2d12      1%          4
 Passage of Golubria      Tloc           69%        N/A       1%          4
 Petrify                  Tmut/Erth      61%        N/A       1%          4
 Alistair's Intoxication  Tmut/Pois      36%        N/A       1%          5
 Blade Hands              Tmut           38%        N/A       1%          5
 Yara's Violent Unravell  Hex/Tmut       27%        3d12      1%          5
 Dispersal                Tloc           34%        N/A       1%          6
 Necrotise                Necr           68%        1d7       3%          1
 Slow                     Hex            68%        N/A       3%          1
 Summon Small Mammal      Summ           68%        N/A       3%          1
 Dazzling Flash           Conj/Hex       54%        N/A       3%          3
 Call Imp                 Summ           17%        N/A       4%          2
 Freezing Cloud           Conj/Ice/Air   23%        6-21      4%          5
 Silence                  Hex/Air        20%        N/A       8%          5
 Call Canine Familiar     Summ           17%        N/A       10%         3
 Confusing Touch          Hex            17%        N/A       10%         3
 Inner Flame              Hex/Fire       17%        N/A       10%         3
 Summon Guardian Golem    Hex/Summ       17%        N/A       10%         3
 Tukima's Dance           Hex            17%        N/A       10%         3
 Vampiric Draining        Necr           17%        2d7       10%         3
 Flame Wave               Conj/Fire      27%        2d9       12%         4
 Fulminant Prism          Conj/Hex       13%        3d9       12%         4
 Leda's Liquefaction      Hex/Erth       13%        N/A       12%         4
 Sticky Flame             Conj/Fire      27%        2d5       12%         4
 Iskenderun's Battlesphe  Conj           37%        2d9       12%         5
 Lee's Rapid Deconstruct  Erth           18%        3d12*     12%         5
 Conjure Ball Lightning   Conj/Air       25%        3x3d7     16%         6
 Metabolic Englaciation   Hex/Ice        14%        N/A       26%         5
 Disjunction              Tloc           34%        N/A       30%         8
 Anguish                  Hex/Necr       8%         N/A       32%         4
 Animate Dead             Necr           17%        N/A       32%         4
 Cause Fear               Hex            8%         N/A       32%         4
 Dispel Undead            Necr           17%        3d10      32%         4
 Olgreb's Toxic Radiance  Pois           17%        N/A       32%         4
 Borgnjor's Vile Clutch   Necr/Erth      13%        N/A       32%         5
 Fireball                 Conj/Fire      13%        3d7       32%         5
 Agony                    Necr           17%        N/A       67%         5
 Simulacrum               Ice/Necr       14%        N/A       83%         6
 Maxwell's Capacitive Co  Air            30%        ∞         85%         8
 Starburst                Conj/Fire      13%        6d6       88%         6
 Ozocubu's Refrigeration  Ice            20%        4d12      94%         7
 Orb of Destruction       Conj           18%        9d8       98%         7
 Death Channel            Necr           8%         N/A       99%         6
 Haunt                    Necr/Summ      8%         N/A       100%        7
 Spellforged Servitor     Conj/Summ      13%        N/A       100%        7
 Borgnjor's Revivificati  Necr           8%         N/A       100%        8
 Discord                  Hex            8%         N/A       100%        8
 Ignition                 Fire           8%         3d5       100%        8
 Infestation              Necr           8%         N/A       100%        8
 Lehudib's Crystal Spear  Conj/Erth      18%        10d6      100%        8
 Chain Lightning          Conj/Air       25%        3d33      100%        9
 Fire Storm               Conj/Fire      13%        8d4       100%        9
 Shatter                  Erth           18%        3d17*     100%        9

Inventory:

Missiles
 h - 76 large rocks {=fthrowing}
 D - 8 silver javelins {throwing}
 O - 18 javelins {throwing}
Armour
 p - a scarf of resistance (melded)
   (You found it on level 9 of the Dungeon)
 B - the +0 hat of the Circus Animal (melded) {Rampage MP+9 Str+2 Int+3}
   (You acquired it in a wizard's laboratory)

   Str:       It affects your strength (+2).
   Int:       It affects your intelligence (+3).
   MP:        It affects your magic capacity (+9).
   Rampage:   It bestows one free step when moving towards enemies.
 C - the +3 robe of Moli Kel (melded) {rCorr Archmagi}
   (You bought it in a shop on level 3 of the Vaults)

   rCorr:     It protects you from acid and corrosion.
   Archmagi:  It increases the power of your magical spells.
Magical Staves
 V - a staff of air (melded) {!astaff}
   (You found it on level 8 of the Dungeon)
Jewellery
 a - an amulet of reflection (around neck)
   (You found it on level 6 of the Dungeon)
 m - a ring of see invisible
   (You acquired it on level 1 of the Swamp)
 E - the ring "Pegerhia" (right fist) {+Blink rC+ Str+6}
   (You took it off a deep elf demonologist on level 3 of the Elven Halls)

   [ring of strength]

   Str:       It affects your strength (+6).
   rC:        It protects you from cold.
   +Blink:    It lets you blink.
 F - a ring of flight
   (You found it on level 10 of the Dungeon)
 H - a ring of resist corrosion
   (You found it on level 12 of the Dungeon)
 J - a ring of protection from fire
   (You found it on level 4 of the Dungeon)
 N - the ring "Norhilar" {Str+3 Int+6 Stlth+}
   (You found it on level 5 of the Vaults)

   [ring of intelligence]

   Str:       It affects your strength (+3).
   Int:       It affects your intelligence (+6).
   Stlth:     It makes you more stealthy.
 S - the ring of the Gloaming {+Blink rF- rC++ Will+ MP+9}
   (You took it off a vault guard on level 5 of the Vaults)

   [ring of magical power]

   rF:        It makes you vulnerable to fire.
   rC:        It greatly protects you from cold.
   MP:        It affects your magic capacity (+9).
   +Blink:    It lets you blink.
   Will:      It increases your willpower.
 U - the ring "Kyjafas" (left fist) {rElec rPois rF+ rN+ Will+}
   (You took it off a yaktaur on level 5 of the Vaults)

   [ring of protection from fire]

   rF:        It protects you from fire.
   rElec:     It insulates you from electricity.
   rPois:     It protects you from poison.
   rN:        It protects you from negative energy.
   Will:      It increases your willpower.
Wands
 b - a wand of digging (21)
   (You found it on level 14 of the Dungeon)
 s - a wand of iceblast (64)
   (You took it off Maurice on level 11 of the Dungeon)
 t - a wand of flame (49)
   (You found it on level 2 of the Lair of Beasts)
 y - a wand of mindburst (27)
   (You found it on level 3 of the Lair of Beasts)
 Y - a wand of acid (37)
   (You found it on level 11 of the Dungeon)
Scrolls
 c - a scroll of summoning
 d - 18 scrolls of teleportation {@r4}
 f - 5 scrolls of fear
 g - 6 scrolls of magic mapping {!r}
 i - 5 scrolls of enchant armour
 j - 6 scrolls of immolation {!r!r}
 l - 8 scrolls of butterflies
 I - 38 scrolls of identify {@r1}
 Q - 12 scrolls of vulnerability {!r!r}
 T - 15 scrolls of poison {!r}
 X - 4 scrolls of blinking {!r}
 Z - 7 scrolls of silence {!r}
Potions
 e - 11 potions of brilliance
 n - 7 potions of ambrosia
 o - 12 potions of attraction {!q}
 q - 13 potions of flight
 u - 4 potions of cancellation
 w - 4 potions of heal wounds {@q2}
 x - 4 potions of might
 z - 7 potions of invisibility
 A - 41 potions of curing {@q1}
 G - 3 potions of magic
 L - 11 potions of mutation {!q}
 M - 4 potions of berserk rage {!q}
 P - 11 potions of haste {@q3}
Miscellaneous
 k - a lightning rod (4/4)
   (You found it on level 3 of the Elven Halls)
 r - a phial of floods
   (You found it on level 2 of the Depths)
 v - a tin of tremorstones (2/2) {throwing}
   (You found it on level 3 of the Elven Halls)
 K - a condenser vane
   (You found it on level 4 of the Swamp)
 R - a box of beasts
   (You found it on level 5 of the Lair of Beasts)
 W - a phantom mirror
   (You found it on level 12 of the Dungeon)

Dungeon Overview and Level Annotations

Branches:
Dungeon (15/15) Zot: 23552  Temple (1/1) D:4 Zot: 5538    Lair (5/5) D:8 Zot: 22639
  Swamp (4/4) Lair:3 Zot: 19580   Snake (4/4) Lair:2 Zot: 19679   Slime (0/5) Lair:4
    Orc (2/2) D:10 Zot: 9498     Elf (3/3) Orc:2 Zot: 11868  Vaults (5/5) D:14 Zot: 18581
  Crypt (3/3) Vaults:3 Zot: 14243    Tomb (0/3) Crypt:3      Depths (4/4) D:15 Zot: 16305
    Zot (2/5) Depths:4 Zot: 10948  WizLab (visited)

Altars:
Ashenzari
Cheibriados
Dithmenos
Elyvilon
Fedhas
Gozag
Hepliaklqana
Kikubaaqudgha
Makhleb
Nemelex Xobeh
Okawaru
Qazlal
Ru
Sif Muna
Trog
Uskayaw
Vehumet
Wu Jian
Xom
Yredelemnul
Zin
The Shining One
Jiyva
Lugonu

Shops:
Orc:2 *:*[(   Elf:1 [*   Elf:3 ?   Vaults:3 [   Vaults:4 [   Depths:1 *
Depths:3 (

Portals:
Hell: Depths:1 Depths:2 Depths:3 Depths:4
Abyss: D:7 Lair:5 Depths:1 Depths:2
Pandemonium: Depths:2
Ziggurat: Depths:4

Annotations:
Elf:2 3 runed translucent doors

##..#.............#
#.[#..............
#.........#.......
#....##...##......
#....##...###.....
#..######## ##....
.#### #°○# ##...
.....☼#######.°######
#...
.d.d..)).ddd1v......#
#...
.d...○.)#####.....###
#### ##...°§§#
#○....# # ##.....
#.....# ##....
#..#### ##... .).#
##?. .... ##. ....
......


You could see a Tzitzimitl, 2 draconians and a white draconian.


Message History

You blast the moth of wrath!!!!
You kill the moth of wrath!
The Council accepts your kill.
You hit the curse toe.
You blast the tentacled monstrosity!!!
You kill the tentacled monstrosity!
The Council accepts your kill.
The Tzitzimitl calls on the powers of darkness!
Your body is wracked with pain!
* * * LOW HITPOINT WARNING * * *
The red draconian convulses!
The yellow draconian convulses!
You buffet the curse toe!
You punch the curse toe! You hit the yellow draconian.
You hear a roar!
The yellow draconian hits you with a +0 long sword.
* * * LOW HITPOINT WARNING * * *
Unknown command.
You blast the curse toe!!!!
You destroy the curse toe!
The Council accepts your kill.
You batter the yellow draconian!!
You kill the yellow draconian!
The Council accepts your kill.
The black draconian breathes lightning at you.
The bolt of lightning hits you. You resist.
* * * LOW HITPOINT WARNING * * *
Unknown command.
Unknown command.
You hit the Tzitzimitl. You punch the Tzitzimitl!
You blast the red draconian!!!
You kill the red draconian!
The Council accepts your kill.
Unknown command.
The black draconian attacks as you move away!
You block the black draconian's attack.
The Tzitzimitl calls on the powers of darkness!
Your body is wracked with pain!
* * * LOW HITPOINT WARNING * * *
The black draconian convulses!
The black draconian breathes lightning at you.
The bolt of lightning misses you.
Things that are here:
a +0 hand axe of holy wrath {axe}; a +2 scythe of venom {polearm} Unknown command.
You feel much better. The Tzitzimitl completely misses you.
The Tzitzimitl bites you but does no damage.
You feel much better.
You hear a roar!
The Tzitzimitl calls on the powers of darkness!
Your body is wracked with pain!
* * * LOW HITPOINT WARNING * * *
The black draconian convulses!
The white draconian convulses!
The Tzitzimitl gestures at you. The bolt of negative energy hits you!!
You partially resist.
You feel drained.
* * * LOW HITPOINT WARNING * * *
You feel much better.
You hear a roar!
The Tzitzimitl engulfs you!
* * * LOW HITPOINT WARNING * * *
You block the Tzitzimitl's attack.
A black draconian comes into view.
It is wielding a +1 dire flail of protection.
Unknown command.
Really read
X - 5 scrolls of blinking {!r}? [Y]es or [N]o only, please.
Really read
X - 5 scrolls of blinking {!r}? [Y]es or [N]o only, please.
Really read
X - 5 scrolls of blinking {!r}?
Blink to where?
Press: ? - help, Dir - move target
As you read the scroll of blinking {!r}, it crumbles to dust.
The Tzitzimitl gestures at you. The bolt of negative energy misses you.
The black draconian moves out of view.
Unknown command.
The heavenly storm settles.
Unknown command.
Unknown command.
You barely miss the Tzitzimitl.
The Tzitzimitl engulfs you but does no damage.
The Tzitzimitl bites you!
* * * LOW HITPOINT WARNING * * *
Unknown command.
You spin and attack the Tzitzimitl.
You barely miss the Tzitzimitl.
Your transformation is almost over.
You block the Tzitzimitl's attack. x2
Unknown command.
You blast the Tzitzimitl!!!
The Tzitzimitl completely misses you. The Tzitzimitl bites you!
* * * LOW HITPOINT WARNING * * *
Unknown command.
Unknown command.
As you read the scroll of teleportation {@r4}, it crumbles to dust.
You feel strangely unstable.
You feel the Orb delaying your translocation!
The Tzitzimitl engulfs you but does no damage.
The Tzitzimitl misses you. The Tzitzimitl engulfs you!
* * * LOW HITPOINT WARNING * * *
The Tzitzimitl drains your vigour!
You feel as though you will be slow longer.
The Tzitzimitl bites you.
You die...

Skill      XL: |  1  2  3  4  5  6  7  8  9 10 11 12 13 14 15 16 17 18 19 20 21 22 23 24 25 26 |
---------------+-------------------------------------------------------------------------------+-----
Transmutations | 2 3 4 5 6 7 9 10 11 14 15 16 17 19 20 | 20.0
Fighting       | 2 3 4 6 8 9 10 11 13 14 15 16 18 19 21 22 23 | 23.5
Unarmed Combat | 3 4 6 7 9 10 11 13 14 15 16 17 18 20 21 22 | 22.0
Ice Magic      | 3 4 5 6 |  6.0
Spellcasting   | 3 5 8 9 10 12 14 15 17 | 17.0
Air Magic      | 5 7 10 11 12 | 12.0
Earth Magic    | 5 |  5.0
Dodging        | 4 5 6 8 9 10 12 | 12.0
Translocations | 2 5 7 11 15 16 | 16.0
Conjurations   | 2 5 |  5.0

Action                   |  1- 3 |  4- 6 |  7- 9 | 10-12 | 13-15 | 16-18 | 19-21 | 22-24 | 25-27 || total
-------------------------+-------+-------+-------+-------+-------+-------+-------+-------+-------++-------
Melee: Unarmed           |   102 |    85 |   143 |   359 |   784 |   927 |   812 |   780 |   292 ||  4284
       Headbutt          |    12 |     7 |       |       |       |       |       |       |       ||    19
       Kick              |    22 |    10 |       |       |       |       |       |       |       ||    32
       Punch             |     1 |       |       |       |    40 |    77 |    91 |    88 |    32 ||   329
       Lajatang          |       |    13 |    92 |    35 |     5 |       |       |       |       ||   145
       Staff             |       |       |       |       |       |       |    10 |       |       ||    10
 Fire: Sling             |       |    39 |       |       |       |       |       |       |       ||    39
 Cast: Beastly Appendage |    22 |    11 |       |       |       |       |       |       |       ||    33
       Spider Form       |       |     5 |     1 |       |       |       |       |       |       ||     6
       Wereblood         |       |     2 |     5 |     8 |     4 |     2 |       |       |       ||    21
       Ice Form          |       |       |    18 |    34 |    28 |       |       |       |       ||    80
       Statue Form       |       |       |       |       |    48 |    13 |       |       |       ||    61
       Storm Form        |       |       |       |       |       |    63 |    90 |    67 |    22 ||   242
       Manifold Assault  |       |       |       |       |       |    38 |   134 |   153 |    34 ||   359
Invok: Lunge             |       |       |    17 |    30 |    48 |   116 |    86 |    85 |    35 ||   417
       Whirlwind         |       |       |     6 |    40 |   174 |   241 |    93 |    78 |    57 ||   689
       Serpent's Lash    |       |       |       |     2 |     2 |     2 |     3 |     2 |       ||    11
       Heavenly Storm    |       |       |       |       |     2 |     2 |     2 |     1 |     2 ||     9
 Abil: Wall Jump         |       |       |       |       |     4 |     2 |       |       |       ||     6
       Blinkbolt         |       |       |       |       |       |     4 |     2 |     1 |       ||     7
       End Transformatio |       |       |       |       |       |       |     1 |       |       ||     1
Evoke: Wand              |       |       |       |       |       |     1 |       |       |       ||     1
  Use: Scroll            |       |       |    19 |     3 |     8 |     6 |     8 |     3 |     5 ||    52
       Potion            |       |       |       |    10 |     1 |     3 |     8 |     4 |     3 ||    29
 Stab: Sleeping          |       |       |       |     1 |       |     1 |       |       |       ||     2
       Petrified         |       |       |       |       |     2 |       |       |       |       ||     2
       Distracted        |       |       |       |       |     1 |       |     1 |       |       ||     2
       Paralysed         |       |       |       |       |       |     1 |       |       |       ||     1
Armor: Robe              |    27 |    39 |    42 |    15 |    18 |     1 |     1 |     1 |       ||   144
       Skin              |       |     3 |    37 |    78 |   415 |   267 |   113 |   103 |    55 ||  1071
Dodge: Dodged            |    39 |   100 |   106 |   163 |   329 |   524 |   308 |   254 |   152 ||  1975
Block: Other             |       |       |       |       |       |    12 |    83 |    65 |    48 ||   208
       Reflection        |       |       |       |       |       |     1 |    24 |     4 |     2 ||    31

Levels and vault maps discovered:
D:1:      dpeg_arrival_short_road, layout_loops_cross, roderic_cross_of_infinity
D:2:      layout_basic, minivault_23
D:3:      layout_rooms, shapermc_ecumenical_altar_rom_forum
D:4:      layout_basic, nicolae_uskayaw_en_pointe,
          minmay_temple_entry_metal_lava
D:5:      layout_rooms, nicolae_wu_jian_wuxing_cycle
D:6:      cheibrodos_thug_alley, layout_cave_pools,
          lemuel_coloured_pillars_altar, gammafunk_ghost_gnarly_gnolls,
          minmay_fire_ice_demons
D:7:      layout_basic, mainiacjoe_overflow_alcove_3,
          amcnicky_altar_lugonu_corruption, uniq_menkaure
D:8:      layout_basic, mainiacjoe_overflow_24_doors, dpeg_lair_monsters,
          minmay_misc_feat_rows
D:9:      layout_basic, nemelex_altar_shiori, lemuel_crystal_altar,
          kennysheep_boxes
D:10:     layout_cave_pools, david_orc_3, serial_demonic, serial_demonic_a,
          serial_demonic_b, serial_demonic_d, serial_demonic_a
D:11:     layout_stronghold, uniq_maurice, uniq_lodul
D:12:     minmay_chopped_fan, layout_cave_pools, hangedman_decor_opposing
D:13:     layout_basic, kennysheep_generic_room_11, uniq_frances
D:14:     layout_basic, grunt_vaults_entry_fortified, nicolae_figureground_pulse
D:15:     hangedman_depths_entry_try_elsewhere_first, layout_basic,
          ebering_ghost_xom, basic_altar, minmay_misc_feat_nine_boxes,
          chequers_serial_rivers_micro_e, uniq_nessos, uniq_roxanne
Temple:   hellmonk_temple_forest_ring
Lair:1:   layout_chaotic_city, grunt_megastairs_3
Lair:2:   layout_gridlike, minmay_snake_entry_six_corridors, enter_volcano_2,
          grunt_forest_large_clearings, uniq_gastronok
Lair:3:   layout_loops_ring, nicolae_swamp_entry_splash_gauntlet
Lair:4:   layout_gridlike, slime_entry_1, hibernation_bobbens
Lair:5:   hellmonk_lair_end_abyssal_woods, layout_loops_ring, grunt_megastairs_4
Swamp:1:  layout_basic_swamp, evilmike_swamp_ruin_rubble_1,
          infiniplex_staircase_pool
Swamp:2:  layout_basic_swamp, evilmike_swamp_ruin_house_1, swamp_pool1,
          nicolae_swamp_dense_foliage, infiniplex_staircase_pool_2
Swamp:3:  layout_basic_swamp, evilmike_swamp_ruin_house_5
Swamp:4:  swamp_alternative, layout_basic_swamp, swamp_pool2,
          nicolae_swamp_triple_paths
Snake:1:  layout_gridlike, basic_altar, nicolae_snake_gridmaze_big_u, drop_trap,
          serial_bayou_ford_a, nicolae_snake_gridmaze_zigzag
Snake:2:  layout_misc_corridors, basic_altar
Snake:3:  layout_onion_interference, hangedman_venom_bottle
Snake:4:  grunt_snake_rune_pools, layout_onion_interference, uniq_asterion
Orc:1:    layout_caves, mines1_david
Orc:2:    st_orc_congregation, layout_diamond_mine,
          nicolae_shop_overcharged_wands, uniq_azrael
Elf:1:    layout_loops_cross, serial_shops, nicolae_lakefront_shop,
          minmay_elf_annihilation, nicolae_shop_gadgets
Elf:2:    elven_hall_of_blades_hangedman_original
          [nicolae_blade_entry_area_security], layout_rooms, grunt_megastairs_2
Elf:3:    elf_hall, layout_loops_corners, serial_shops, shop,
          gammafunk_ghost_berserking_beasts, mu_enter_wizlab_4, laboratory
Vaults:1: nicolae_vaults_fighting_squares, v_misc_9, v_misc_19,
          grunt_vaults_hallway_short, vaults_room_grunt_arrival_ludios,
          hangedman_vaults_restitches, vaults_mumra_chevron, v_misc_8,
          nicolae_vaults_alarming, hangedman_vaults_slither,
          ontoclasm_vaults_misaligned, v_misc_10, layout_vaults_maze_snakey,
          uniq_zenata
Vaults:2: nicolae_vaults_network_square, v_misc_17, vaults_room_corners,
          nicolae_vaults_an_arrangement, ontoclasm_vaults_fault,
          nicolae_vaults_network_star, v_misc_19, nicolae_vaults_angled_halls,
          nicolae_vaults_yaktaur_gun_rack, ontoclasm_vaults_spin,
          layout_vaults_big_room, uniq_frederick
Vaults:3: gammafunk_ghost_wrathful_warriors, nicolae_vaults_ninety_degrees,
          minmay_crypt_entry_simple_round, grunt_vaults_hallway_short,
          hangedman_vaults_snaps, v_pattern_3, v_rooms_4,
          grunt_vaults_trifunnel, hangedman_vaults_capsules,
          ontoclasm_vaults_hangar, serial_ice_m, grunt_vaults_hallway_short,
          vaults_room_semicircle, layout_vaults_ring, serial_shops, shop
Vaults:4: v_rooms_3, st_quartered_hall, ontoclasm_vaults_ring_square, v_misc_14,
          nicolae_vaults_big_ls, vaults_dpeg_spiral, ontoclasm_vaults_gateway,
          ontoclasm_vaults_twist, vaults_room_door_hall,
          layout_vaults_quadrants, serial_shops, nicolae_shop_behind_doors,
          uniq_sojobo
Vaults:5
Crypt:1:  layout_regular_city, uniq_donald, uniq_aizul
Crypt:2:  layout_misc_corridors, hangedman_crypt_dual_shrines
Crypt:3:  david_glass_crypt, layout_gridlike, basic_altar
Depths:1: minmay_polygon_palace, layout_gridville, serial_bayou,
          serial_bayou_pond_e, serial_bayou_lake_a, serial_bayou_pond_e,
          serial_bayou_shore_a, serial_shops, shop, hangedman_abyss_entry_splay,
          chequers_big_river, hell_entry, chequers_serial_rivers_small_a,
          due_unseen_surprise
Depths:2: hangedman_crystal_crosses_colossus [crystal_crosses_arms_four,
          crystal_crosses_arms_two, crystal_crosses_arms_one,
          crystal_crosses_arms_one], hell_entry, abyss_entry, pan_entry, uniq_vv
Depths:3: minmay_the_grid_net [minmay_the_grid_slots,
          minmay_the_grid_stretched_grid, minmay_the_grid_zigzag_pyramid,
          minmay_the_grid_gridbox, minmay_the_grid_dragon_b,
          minmay_the_grid_prize_shrinking_boxes], layout_gridlike,
          lemuel_tele_altar, serial_shops, nicolae_shop_overgrown_old_shop,
          pf_hell_entry_tar_spiral, marbit_kobold_abyss_entry
Depths:4: grunt_bruiser_brothers, layout_cave_shapes, enter_ziggurat_b,
          nicolae_vehumet_altar_sigil, lightli_too_deep, dk_noncrumbling_4,
          hellmonk_scarab_ruin
Zot:1:    layout_basic, st_stairs_11
Zot:2:    layout_misc_corridors, hangedman_hellfire_club, uniq_grunn

Notes
Turn   | Place    | Note
-------+----------+-------------------------------------------
     0 | D:1      | Sobieck the Ogre Transmuter began the quest for the Orb.
     0 | D:1      | Reached XP level 1. HP: 19/19 MP: 3/3
   208 | D:1      | Reached skill level 2 in Transmutations
   213 | D:1      | Reached skill level 2 in Fighting
   213 | D:1      | Reached XP level 2. HP: 22/28 MP: 5/5
   685 | D:1      | You pick up a book of Displacement and begin reading...
   685 | D:1      | You add the spells Lesser Beckoning, Gell's Gravitas and
                  | Teleport Other to your library.
   865 | D:2      | You fall into a shaft and drop 1 floor!
   925 | D:2      | Reached skill level 3 in Unarmed Combat
   980 | D:2      | Learned a level 2 spell: Wereblood
  1049 | D:2      | Reached XP level 3. HP: 36/36 MP: 4/6
  1642 | D:2      | Reached skill level 3 in Fighting
  1807 | D:2      | Reached XP level 4. HP: 40/45 MP: 5/7
  2301 | D:3      | Learned a level 3 spell: Spider Form
  2354 | D:3      | Reached skill level 3 in Transmutations
  2549 | D:3      | Reached XP level 5. HP: 53/53 MP: 8/8
  2627 | D:3      | Found a faded altar of an unknown god.
  2636 | D:3      | Got Plato's Codex of Conjuration {@e2}
  2699 | D:3      | You pick up a book of Geomancy and begin reading...
  2699 | D:3      | You add the spells Sandblast, Passwall and Stone Arrow to
                  | your library.
  2759 | D:3      | Reached skill level 4 in Unarmed Combat
  3113 | D:4      | Reached skill level 4 in Transmutations
  3113 | D:4      | Reached XP level 6. HP: 61/61 MP: 0/9
  3202 | D:4      | Noticed an ice beast
  3269 | D:4      | Found a hide-covered altar of Uskayaw.
  3275 | D:4      | Identified the +7 lajatang "Wiol" {freeze, rN+}
  3285 | D:4      | Noticed a +0 dagger
  3286 | D:4      | Noticed a +0 spear
  3286 | D:4      | Noticed a +0 spear
  3288 | D:4      | Noticed a +0 falchion
  3289 | D:4      | Noticed a +0 falchion
  3289 | D:4      | Noticed a +0 dagger
  3289 | D:4      | Noticed a +0 short sword
  3291 | D:4      | Noticed a +0 short sword
  3340 | D:4      | You add the spells Blink, Manifold Assault and Storm Form
                  | to your library.
  3425 | D:4      | Killed an ice beast
  3426 | D:4      | Reached skill level 5 in Transmutations
  3490 | D:4      | Found a staircase to the Ecumenical Temple.
  3506 | Temple   | Entered the Ecumenical Temple
  4277 | D:5      | Entered Level 5 of the Dungeon
  4286 | D:4      | Reached XP level 7. HP: 62/67 MP: 10/10
  4302 | D:4      | Reached skill level 4 in Fighting
  4492 | D:5      | Learned a level 4 spell: Ice Form
  4625 | D:5      | Found an ornate altar of the Wu Jian Council.
  4632 | D:5      | Became a worshipper of the Wu Jian Council
  4648 | D:5      | You pick up a book of Minor Magic and begin reading...
  4648 | D:5      | You add the spells Magic Dart, Call Imp and Mephitic Cloud
                  | to your library.
  4742 | D:5      | Reached skill level 2 in Ice Magic
  4940 | D:4      | Identified a scroll of acquirement
  4940 | D:4      | Acquired 1119 gold pieces
  4995 | D:5      | Reached skill level 3 in Ice Magic
  5235 | D:5      | Reached XP level 8. HP: 31/78 MP: 11/11
  5389 | D:6      | Reached skill level 4 in Ice Magic
  5442 | D:6      | Found a transporter.
  5450 | D:6      | Found a transporter.
  5498 | D:6      | Identified the +5 ring mail of Hisa {rF+}
  5533 | D:6      | Noticed KennySheep's ghost (novice BaTm)
  5698 | D:6      | Reached * piety under Wu Jian
  5699 | D:6      | Reached skill level 5 in Fighting
  5837 | D:6      | Reached skill level 5 in Unarmed Combat
  6145 | D:6      | Reached skill level 6 in Transmutations
  6208 | D:6      | Reached skill level 6 in Fighting
  6432 | D:6      | Found a shadowy altar of Dithmenos.
  6592 | D:7      | Reached skill level 6 in Unarmed Combat
  6647 | D:7      | Noticed a yak
  6647 | D:7      | Noticed a yak
  6652 | D:7      | Noticed a yak
  6674 | D:6      | Killed a yak
  6675 | D:6      | Reached XP level 9. HP: 89/89 MP: 8/13
  6699 | D:7      | Reached skill level 3 in Spellcasting
  6949 | D:7      | Reached skill level 7 in Fighting
  7010 | D:7      | You pick up a book of Death and begin reading...
  7010 | D:7      | You add the spells Animate Dead, Haunt and Infestation to
                  | your library.
  7023 | D:7      | You pick up a book of Necromancy and begin reading...
  7023 | D:7      | You add the spells Necrotise, Vampiric Draining and Agony
                  | to your library.
  7137 | D:7      | Reached ** piety under Wu Jian
  7239 | D:7      | Reached skill level 5 in Ice Magic
  7334 | D:7      | Found a one-way gate to the infinite horrors of the Abyss.
  7592 | D:7      | Found a corrupted altar of Lugonu.
  7929 | D:7      | Found a basalt altar of Yredelemnul.
  8123 | D:7      | Found a burning altar of Makhleb.
  8125 | D:7      | Found a shimmering blue altar of Sif Muna.
  8126 | D:7      | Found a broken altar of Ashenzari.
  8264 | D:7      | Reached skill level 7 in Unarmed Combat
  8264 | D:7      | Reached skill level 7 in Transmutations
  8373 | D:7      | Noticed Menkaure
  8380 | D:7      | Killed Menkaure
  8381 | D:7      | Reached skill level 8 in Fighting
  8808 | D:8      | You pick up a book of Debilitation and begin reading...
  8808 | D:8      | You add the spells Slow and Confusing Touch to your
                  | library.
  8940 | D:8      | Reached XP level 10. HP: 104/104 MP: 10/14
  8972 | D:8      | Found a staircase to the Lair.
  8974 | D:8      | Noticed a death yak
  8974 | D:8      | Noticed a death yak
  8998 | D:8      | Killed a death yak
  8999 | D:8      | Reached skill level 6 in Ice Magic
  9013 | D:8      | Noticed a death yak
  9118 | D:7      | Killed a death yak
  9119 | D:7      | Reached skill level 8 in Unarmed Combat
  9119 | D:7      | Reached skill level 8 in Transmutations
  9412 | D:8      | Killed a death yak
  9717 | D:8      | Found a stormy altar of Qazlal.
 10192 | D:9      | Found a sparkling altar of Nemelex Xobeh.
 10251 | D:9      | Reached skill level 9 in Unarmed Combat
 10251 | D:9      | Reached skill level 9 in Transmutations
 10342 | D:9      | Reached XP level 11. HP: 111/111 MP: 11/15
 10838 | D:9      | Reached *** piety under Wu Jian
 10952 | D:9      | Found a snail-covered altar of Cheibriados.
 11274 | D:10     | Entered Level 10 of the Dungeon
 11305 | D:10     | Found a staircase to the Orcish Mines.
 11542 | Lair:1   | Entered Level 1 of the Lair of Beasts
 11550 | Lair:1   | Reached skill level 10 in Unarmed Combat
 11552 | Lair:1   | Reached skill level 10 in Transmutations
 12001 | Lair:1   | You add the spells Kindle Blastsparks, Vhi's Electric
                  | Charge and Maxwell's Capacitive Coupling to your library.
 12001 | Lair:1   | Got the Octavo of the Storm
 12087 | Lair:1   | Identified the +7 flail of Yeast {vorpal, Str+4}
 12427 | Lair:2   | Noticed a faun
 12431 | Lair:2   | Reached skill level 4 in Spellcasting
 12433 | Lair:2   | HP: 22/135 [komodo dragon (14)]
 12438 | Lair:2   | HP: 31/135 [wolf (4)]
 12444 | Lair:2   | HP: 21/135 [wolf (5)]
 12453 | Lair:2   | Killed a faun
 12454 | Lair:2   | Reached skill level 9 in Fighting
 12464 | Lair:2   | Reached **** piety under Wu Jian
 12589 | Lair:2   | Reached skill level 5 in Spellcasting
 12614 | Lair:2   | Reached XP level 12. HP: 124/124 MP: 12/19
 12717 | Lair:2   | Noticed Gastronok
 12986 | Lair:2   | Killed Gastronok
 12987 | Lair:2   | Reached skill level 10 in Fighting
 12987 | Lair:2   | Reached skill level 6 in Spellcasting
 13071 | Lair:2   | Reached skill level 11 in Unarmed Combat
 13071 | Lair:2   | Reached skill level 11 in Transmutations
 13110 | Lair:2   | Found a dark tunnel.
 13252 | Lair:2   | Found a staircase to the Snake Pit.
 13265 | Lair:2   | Reached skill level 7 in Spellcasting
 13950 | Lair:3   | Reached ***** piety under Wu Jian
 13982 | Lair:3   | You pick up a book of Winter and begin reading...
 13982 | Lair:3   | You add the spells Ozocubu's Armour, Metabolic Englaciation
                  | and Simulacrum to your library.
 14038 | Lair:3   | Identified the +2 ring mail of Miracles {Stlth+}
 14058 | Lair:3   | Reached skill level 8 in Spellcasting
 14071 | Lair:3   | Reached XP level 13. HP: 69/133 MP: 25/25
 14306 | Lair:3   | Reached skill level 12 in Unarmed Combat
 14306 | Lair:3   | Reached skill level 12 in Transmutations
 14689 | Lair:3   | Identified the +0 ring mail "Dyhihom" {Stlth+}
 14985 | Lair:3   | Found a staircase to the Swamp.
 15088 | Lair:4   | You pick up a book of Burglary and begin reading...
 15088 | Lair:4   | You add the spells Ensorcelled Hibernation and Swiftness to
                  | your library.
 15528 | Lair:4   | Reached skill level 13 in Unarmed Combat
 15528 | Lair:4   | Reached skill level 13 in Transmutations
 15673 | Lair:4   | Found a staircase to the Slime Pits.
 15673 | Lair:4   | Found a viscous altar of Jiyva.
 15877 | Lair:4   | Reached skill level 14 in Transmutations
 15896 | Lair:4   | Learned a level 3 spell: Swiftness
 15923 | Lair:4   | Reached XP level 14. HP: 143/143 MP: 26/26
 15927 | Lair:4   | Reached skill level 1 in Air Magic
 15946 | Lair:4   | Identified the +1 leather armour "Necy" {-Tele Rampage rC+
                  | Will++}
 16062 | Lair:4   | You pick up a book of Sloth and begin reading...
 16062 | Lair:4   | You add the spells Petrify and Statue Form to your library.
 16344 | Lair:5   | Entered Level 5 of the Lair of Beasts
 16352 | Lair:5   | Reached skill level 2 in Air Magic
 16358 | Lair:5   | Learned a level 2 spell: Passwall
 16400 | Lair:5   | You pick up a book of Spectacle and begin reading...
 16400 | Lair:5   | You add the spells Dazzling Flash, Iskenderun's Mystic
                  | Blast and Starburst to your library.
 16409 | Lair:5   | Reached skill level 1 in Earth Magic
 16482 | Lair:5   | You pick up a book of Flames and begin reading...
 16482 | Lair:5   | You add the spells Inner Flame, Sticky Flame and Flame Wave
                  | to your library.
 16630 | Lair:5   | Reached skill level 3 in Air Magic
 16635 | Lair:5   | Reached skill level 2 in Earth Magic
 16716 | Lair:5   | Reached skill level 3 in Earth Magic
 16734 | Lair:5   | Reached skill level 4 in Air Magic
 16815 | Lair:4   | Learned a level 6 spell: Statue Form
 17098 | Lair:5   | Reached skill level 4 in Earth Magic
 17169 | Lair:5   | Gained mutation: Your magical capacity is low. (-10% MP)
                  | [mutagenic glow]
 17195 | Lair:5   | Gained mutation: Your magical capacity is very low. (-20%
                  | MP) [mutagenic glow]
 17237 | Lair:5   | Gained mutation: Your body sometimes deteriorates upon
                  | taking damage. [mutagenic glow]
 17260 | Lair:5   | Reached skill level 5 in Air Magic
 17263 | Lair:5   | Gained mutation: You are clumsy. (Dex -2) [mutagenic glow]
 17338 | Lair:5   | Lost mutation: Your magical capacity is very low. (-20% MP)
                  | [potion of mutation]
 17338 | Lair:5   | Lost mutation: Your body sometimes deteriorates upon taking
                  | damage. [potion of mutation]
 17338 | Lair:5   | Lost mutation: You are clumsy. (Dex -2) [potion of
                  | mutation]
 17338 | Lair:5   | Gained mutation: You are partially covered in iridescent
                  | scales. (AC +2) [potion of mutation]
 17338 | Lair:5   | Gained mutation: You are robust. (+10% HP) [potion of
                  | mutation]
 17383 | Lair:5   | Reached skill level 15 in Transmutations
 17464 | Lair:5   | Reached skill level 5 in Earth Magic
 18103 | Lair:5   | Found a corrupted altar of Lugonu.
 18193 | Lair:5   | Reached XP level 15. HP: 163/163 MP: 20/24
 19070 | D:11     | Reached skill level 16 in Transmutations
 19365 | D:11     | Reached skill level 2 in Dodging
 19373 | D:11     | Noticed Maurice
 19381 | D:11     | Killed Maurice
 19640 | D:11     | Noticed Lodul
 19646 | D:11     | Killed Lodul
 20070 | D:12     | Learned a level 7 spell: Storm Form
 20088 | D:12     | You pick up a book of Conjurations {@e2} and begin
                  | reading...
 20088 | D:12     | You add the spells Searing Ray and Fulminant Prism to your
                  | library.
 20211 | D:12     | Noticed a shadow dragon
 20218 | D:12     | Killed a shadow dragon
 20229 | D:12     | Identified the +2 mace of the Wraith {vorpal, Dex+6}
 20276 | D:12     | You add the spells Irradiate and Alistair's Intoxication to
                  | your library.
 20276 | D:12     | Got Eringya's Grimoire of the Mercurial Stinger
 20362 | D:12     | Reached skill level 3 in Dodging
 20588 | D:12     | Noticed a shadow dragon
 20597 | D:12     | Killed a shadow dragon
 21033 | D:13     | Reached ****** piety under Wu Jian
 21411 | D:13     | Identified the +6 dagger of the Shallot {vamp, *Noise rCorr
                  | Int+4 Dex+4}
 21571 | D:13     | Reached skill level 11 in Fighting
 21597 | D:13     | Noticed Frances
 21612 | D:13     | Killed Frances
 21613 | D:13     | Reached skill level 9 in Spellcasting
 22181 | D:14     | Reached skill level 4 in Dodging
 22543 | D:14     | Found a gate to the Vaults.
 22611 | D:15     | Entered Level 15 of the Dungeon
 22702 | D:15     | Got the Compilation of Reformation
 22715 | D:15     | Found a staircase to the Depths.
 22975 | D:15     | Found a runed translucent door.
 22975 | D:15     | Found a shimmering altar of Xom.
 22975 | D:15     | Noticed Jisiwi's ghost (adept GrFi)
 22975 | D:15     | Found the +8 Vampire's Tooth {vamp}
 23002 | D:15     | Reached XP level 16. HP: 181/181 MP: 24/26
 23133 | D:15     | Noticed Nessos
 23137 | D:15     | Killed Nessos
 23240 | D:15     | Reached skill level 5 in Dodging
 23411 | D:15     | Reached skill level 12 in Fighting
 23429 | D:15     | Found a snail-covered altar of Cheibriados.
 23435 | D:15     | Identified Roxanne's Omnibus of Excavation
 23435 | D:15     | Noticed Roxanne
 23702 | D:15     | Reached skill level 10 in Spellcasting
 23728 | D:15     | You pick up a book of the Spheres and begin reading...
 23728 | D:15     | You add the spells Iskenderun's Battlesphere, Fireball,
                  | Conjure Ball Lightning and Orb of Destruction to your
                  | library.
 24264 | Orc:1    | Entered Level 1 of the Orcish Mines
 24555 | Orc:2    | Entered Level 2 of the Orcish Mines
 24649 | Orc:2    | Found Pehuk's Overcharged Wands.
 24798 | Orc:2    | Found a staircase to the Elven Halls.
 25039 | Orc:2    | Noticed Azrael
 25050 | Orc:2    | HP: 37/183 [orc warrior/bolt (11)]
 25109 | Orc:2    | Reached skill level 14 in Unarmed Combat
 25115 | Orc:2    | Killed Azrael
 25611 | Orc:2    | Reached skill level 6 in Air Magic
 25766 | Orc:2    | Found Fumuovut's General Store.
 25766 | Orc:2    | Found Nausoeg's Book Boutique.
 25768 | Orc:2    | Found Myut's Antique Armour Shop.
 25768 | Orc:2    | Found Jyaxufar's Antique Weapon Shop.
 25784 | Orc:2    | Bought a potion of heal wounds for 70 gold pieces
 26282 | Snake:1  | Entered Level 1 of the Snake Pit
 26377 | Snake:1  | You pick up a book of Party Tricks and begin reading...
 26416 | Snake:1  | Found a shimmering altar of Xom.
 26595 | Snake:1  | You pick up a book of Dangerous Friends and begin
                  | reading...
 26595 | Snake:1  | You add the spells Summon Guardian Golem and Spellforged
                  | Servitor to your library.
 26755 | Snake:1  | Reached skill level 13 in Fighting
 26928 | Snake:1  | Learned a level 4 spell: Manifold Assault
 27474 | Snake:2  | Noticed a nagaraja
 27478 | Snake:2  | Killed a nagaraja
 27479 | Snake:2  | Reached skill level 17 in Transmutations
 27493 | Snake:2  | Reached skill level 1 in Translocations
 27617 | Snake:2  | Reached skill level 7 in Air Magic
 27684 | Snake:2  | Reached skill level 2 in Translocations
 27732 | Snake:2  | Reached XP level 17. HP: 195/195 MP: 27/27
 27751 | Snake:2  | Found a shimmering altar of Xom.
 27790 | Snake:2  | You pick up a book of Frost and begin reading...
 27790 | Snake:2  | You add the spells Freeze, Frozen Ramparts and Hailstorm to
                  | your library.
 28640 | Snake:3  | Reached skill level 8 in Air Magic
 28642 | Snake:3  | Reached skill level 3 in Translocations
 28862 | Snake:3  | Reached skill level 14 in Fighting
 28942 | Snake:3  | You pick up a book of Unlife and begin reading...
 28942 | Snake:3  | You add the spells Borgnjor's Vile Clutch and Death Channel
                  | to your library.
 29442 | Snake:4  | Entered Level 4 of the Snake Pit
 29551 | Snake:4  | Reached skill level 4 in Translocations
 29628 | Snake:4  | Reached skill level 9 in Air Magic
 29638 | Snake:4  | Noticed Asterion
 29645 | Snake:4  | Killed Asterion
 29798 | Snake:4  | Identified the +6 battleaxe of the Four Allies {pain, Fly}
 29829 | Snake:4  | Reached skill level 15 in Unarmed Combat
 29972 | Snake:4  | You pick up a book of Blasting and begin reading...
 30004 | Snake:4  | Reached skill level 5 in Translocations
 30199 | Snake:4  | Reached skill level 10 in Air Magic
 30199 | Snake:4  | Reached XP level 18. HP: 163/207 MP: 22/28
 30395 | Snake:4  | Reached skill level 18 in Transmutations
 30409 | Snake:4  | Got a serpentine rune of Zot
 30775 | D:6      | Killed KennySheep's ghost
 31063 | Swamp:1  | Entered Level 1 of the Swamp
 31429 | Swamp:1  | Acquired a ring of see invisible
 31881 | Swamp:2  | Reached skill level 16 in Unarmed Combat
 33234 | Orc:2    | Bought a manual of Spellcasting for 1200 gold pieces
 34310 | Swamp:4  | Entered Level 4 of the Swamp
 34882 | Swamp:4  | You pick up a book of Touch and begin reading...
 34882 | Swamp:4  | You add the spells Kiss of Death and Dispel Undead to your
                  | library.
 34887 | Swamp:4  | Reached skill level 19 in Transmutations
 34922 | Swamp:4  | Reached XP level 19. HP: 163/216 MP: 21/29
 35079 | Swamp:4  | You pick up a book of Death and begin reading...
 35084 | Swamp:4  | Got a decaying rune of Zot
 36086 | Elf:1    | Entered Level 1 of the Elven Halls
 36173 | Elf:1    | Reached skill level 17 in Unarmed Combat
 36398 | Elf:1    | Learned a level 5 spell: Irradiate
 36506 | Elf:1    | You add the spells Shock and Fire Storm to your library.
 36506 | Elf:1    | Got Urilemuh's Reference Book on the Salvo
 36923 | Elf:1    | Found Matitoxeumn's Gadget Gallery.
 37552 | Elf:1    | Found Goudijyg's Antique Armour Shop.
 37924 | Elf:2    | Reached skill level 11 in Spellcasting
 38020 | Elf:2    | Found a runed translucent gate.
 38021 | Elf:2    | Found a runed translucent gate.
 38033 | Elf:2    | Found a runed translucent gate.
 38401 | Elf:3    | Entered Level 3 of the Elven Halls
 38401 | Elf:3    | Found a transporter.
 38402 | Elf:3    | Noticed SprigganGuy's ghost (adept VSBr)
 38434 | Elf:3    | Found a magical portal.
 38441 | WizLab   | Entered Doroklohe's Tomb
 38689 | WizLab   | Reached skill level 6 in Dodging
 38695 | WizLab   | Noticed a dread lich
 38695 | WizLab   | HP: 50/217 [titan zombie (25)]
 38700 | WizLab   | HP: 40/217 [titan zombie (13)]
 38701 | WizLab   | Noticed a Hell Sentinel
 38701 | WizLab   | Killed a dread lich
 38709 | WizLab   | HP: 49/220 [something (15)]
 38905 | WizLab   | Acquired the +0 hat of the Circus Animal {Rampage MP+9
                  | Str+2 Int+3}
 38924 | WizLab   | Acquired 895 gold pieces
 39102 | Elf:3    | Found a transporter.
 39123 | Elf:3    | Found Zaeffom's Magic Scroll Shoppe.
 39649 | Elf:3    | You pick up a book of the Earth and begin reading...
 40065 | Elf:3    | Reached skill level 15 in Fighting
 40127 | Elf:3    | Reached skill level 12 in Spellcasting
 40250 | Elf:3    | Identified the ring "Emu Ynkesk" {rF+ Will+}
 40451 | Elf:3    | Reached skill level 1 in Conjurations
 40453 | Elf:3    | Noticed an Ice Fiend
 40456 | Elf:3    | Identified the ring "Cykiytops" {Fly Int+5}
 40462 | Elf:3    | HP: 44/221 [???[a deep elf demonologist] (41)]
 41131 | Elf:3    | Reached skill level 2 in Conjurations
 41131 | Elf:3    | Reached XP level 20. HP: 231/231 MP: 8/32
 41370 | Elf:3    | Identified the amulet "Hokhepih" {Spirit *Corrode Int+6
                  | Stlth+}
 41372 | Elf:3    | Identified the +4 halberd of Doom {venom, Fly rN++}
 41962 | Elf:3    | Reached skill level 3 in Conjurations
 42278 | Elf:3    | Identified the +12 flail of Ravage {freeze, rPois rCorr
                  | Dex+4}
 42278 | Elf:3    | Identified the ring "Pegerhia" {+Blink rC+ Str+6}
 42314 | Elf:3    | Reached skill level 7 in Dodging
 42316 | Elf:3    | You add the spells Ignite Poison and Freezing Cloud to your
                  | library.
 42318 | Elf:3    | You pick up a book of Conjurations {@e2} and begin
                  | reading...
 42320 | Elf:3    | Got the Secrets of the Salvo
 42329 | Elf:3    | You pick up a book of the Moon and begin reading...
 42329 | Elf:3    | You add the spells Passage of Golubria, Silence and
                  | Lehudib's Crystal Spear to your library.
 42334 | Elf:3    | You pick up a book of Callings and begin reading...
 42334 | Elf:3    | You add the spells Summon Small Mammal and Call Canine
                  | Familiar to your library.
 42738 | Vaults:1 | Entered Level 1 of the Vaults
 42767 | Vaults:1 | Reached skill level 4 in Conjurations
 42802 | Vaults:1 | Noticed Zenata
 42828 | Vaults:1 | Killed Zenata
 42830 | Vaults:1 | a +5 executioner's axe {axerare=g}; a +3 leather armour;
                  | the human corpse of Zenata
 43040 | Vaults:1 | a +5 executioner's axe {axerare=g}; a +3 leather armour;
                  | the human corpse of Zenata
 43040 | Vaults:1 | a +5 executioner's axe {axerare=g}; a +3 leather armour;
                  | the human corpse of Zenata
 43040 | Vaults:1 | Could not pick up a +5 executioner's axe {axerare=g} here;
                  | ([A]lways) ignore it?
 43255 | Vaults:1 | Reached skill level 13 in Spellcasting
 43368 | Vaults:1 | a +5 executioner's axe {axerare}; a +3 leather armour
 43638 | Vaults:1 | Reached skill level 5 in Conjurations
 43639 | Vaults:1 | Identified the +1 chain mail of Mezcal {Drain +Inv rPois
                  | rN+}
 44205 | Vaults:1 | Reached skill level 20 in Transmutations
 44298 | Vaults:1 | Reached skill level 16 in Fighting
 44487 | Vaults:1 | a +5 executioner's axe {axerare}; a +3 leather armour
 44595 | Vaults:1 | You add the spells Olgreb's Toxic Radiance, Ozocubu's
                  | Refrigeration and Ignition to your library.
 44714 | Vaults:1 | a +5 executioner's axe {axerare}; a +3 leather armour
 45109 | Vaults:2 | Reached skill level 8 in Dodging
 45109 | Vaults:2 | Reached skill level 14 in Spellcasting
 46064 | Vaults:2 | Identified the +7 flail "Yptauhui" {pain, Str+3 Int+3}
 46075 | Vaults:2 | Identified the +6 hand axe of Defiance {vorpal, Str+7
                  | Dex+2}
 46124 | Vaults:2 | Reached skill level 18 in Unarmed Combat
 46206 | Vaults:2 | Noticed Frederick
 46218 | Vaults:2 | Killed Frederick
 46286 | Vaults:2 | Reached XP level 21. HP: 192/245 MP: 21/35
 46782 | Vaults:2 | You pick up a book of the Moon and begin reading...
 46891 | Vaults:2 | Reached skill level 15 in Spellcasting
 47289 | Vaults:3 | Reached skill level 17 in Fighting
 47553 | Vaults:3 | Reached skill level 9 in Dodging
 47646 | Vaults:3 | Found Hicw's Antique Armour Shop.
 47654 | Vaults:3 | Bought a dull robe for 216 gold pieces
 47654 | Vaults:3 | Identified the +3 robe of Moli Kel {rCorr Archmagi} (You
                  | bought it in a shop on level 3 of the Vaults)
 47727 | Vaults:3 | Identified the +6 short sword "Bukke" {flame, rF++ rN+}
 48062 | Vaults:3 | Reached skill level 18 in Fighting
 48408 | Vaults:3 | Found a transporter.
 48478 | Vaults:3 | Reached skill level 19 in Unarmed Combat
 48616 | Vaults:3 | Noticed jejorda2's ghost (adept MfBe)
 48617 | Vaults:3 | Found a bloodstained altar of Trog.
 48617 | Vaults:3 | Found a transporter.
 48731 | Vaults:3 | Paralysed by a sphinx for 5 turns
 48744 | Vaults:3 | Identified the +4 hand axe of the Big Fish {freeze, *Slow
                  | rN+ Dex+4}
 48857 | Vaults:3 | Found a staircase to the Crypt.
 49020 | Vaults:4 | Found Siusetar's Armour Shop.
 49161 | Vaults:4 | Noticed Sojobo
 49173 | Vaults:4 | Killed Sojobo
 50076 | Vaults:4 | Reached skill level 20 in Unarmed Combat
 50082 | Vaults:4 | Reached XP level 22. HP: 179/262 MP: 24/36
 50156 | Vaults:4 | +0 shadow dragon scales {rare}; a shadow dragon corpse
 50227 | Vaults:4 | +0 shadow dragon scales {rare}; a shadow dragon corpse
 50227 | Vaults:4 | +0 shadow dragon scales {rare}; a shadow dragon corpse
 50227 | Vaults:4 | Could not pick up +0 shadow dragon scales {rare} here;
                  | ([A]lways) ignore it?
 50261 | Vaults:4 | +0 shadow dragon scales {rare}; a shadow dragon corpse
 50269 | Vaults:4 | Identified the +5 shortbow "Poihu" {freeze, rPois rCorr}
 51501 | Depths:1 | Entered Level 1 of the Depths
 51554 | Depths:1 | Reached skill level 6 in Translocations
 52089 | Depths:1 | Found a gateway to Hell.
 52181 | Depths:1 | You add the spells Tukima's Dance and Yara's Violent
                  | Unravelling to your library.
 52194 | Depths:1 | Found Ezeosh's Assorted Antiques.
 53072 | Depths:1 | Reached skill level 10 in Dodging
 53610 | Depths:2 | Identified a +0 crystal plate armour
 53614 | Depths:2 | Reached skill level 19 in Fighting
 53754 | Depths:2 | Could not pick up a +0 crystal plate armour {rare=g} here;
                  | ([A]lways) ignore it?
 53864 | Depths:2 | Reached skill level 7 in Translocations
 53864 | Depths:2 | Found a one-way gate leading to the halls of Pandemonium.
 54080 | Depths:2 | Noticed a golden dragon
 54088 | Depths:2 | Killed a golden dragon
 54254 | Depths:2 | Noticed Vv
 54278 | Depths:2 | Killed Vv
 54624 | Depths:2 | Identified the +2 ring mail of Broken Taboos {Fly rC++
                  | Str-4 Stlth+}
 54669 | Depths:2 | a +2 glaive of flaming {polearm}; +0 storm dragon scales
                  | {rare}
 54669 | Depths:2 | a +2 glaive of flaming {polearm}; +0 storm dragon scales
                  | {rare}
 54669 | Depths:2 | Could not pick up a +2 glaive of flaming {polearm} and +0
                  | storm dragon scales {rare} here; ([A]lways) ignore them?
 54699 | Depths:2 | Reached skill level 11 in Air Magic
 54833 | Depths:2 | Reached XP level 23. HP: 259/277 MP: 37/37
 54842 | Depths:2 | You pick up a book of the Warp and begin reading...
 54842 | Depths:2 | You add the spells Dispersal and Disjunction to your
                  | library.
 54993 | Depths:2 | Reached skill level 8 in Translocations
 55157 | Depths:2 | You pick up a book of Conjurations {@e2} and begin
                  | reading...
 55319 | Depths:3 | Noticed a juggernaut
 55321 | Depths:3 | Killed a juggernaut
 55344 | Depths:3 | Paralysed by a floating eye for 2 turns
 55353 | Depths:3 | Noticed a golden dragon
 55358 | Depths:3 | Killed a golden dragon
 55358 | Depths:3 | Identified +0 gold dragon scales
 55362 | Depths:3 | a +0 robe; +0 gold dragon scales {rare}; a golden dragon
                  | corpse
 55383 | Depths:3 | Found Helevic's Antique Weapon Shop.
 55528 | Depths:3 | a +0 robe; +0 gold dragon scales {rare}; a golden dragon
                  | corpse
 55528 | Depths:3 | a +0 robe; +0 gold dragon scales {rare}; a golden dragon
                  | corpse
 55528 | Depths:3 | Could not pick up +0 gold dragon scales {rare} here;
                  | ([A]lways) ignore it?
 55565 | Depths:3 | Reached skill level 20 in Fighting
 55792 | Depths:3 | Noticed a golden dragon
 55795 | Depths:3 | Killed a golden dragon
 55828 | Depths:3 | quicksilver dragon scales {rare}; a quicksilver dragon
                  | corpse
 55864 | Depths:3 | You pick up a book of Spatial Translocations and begin
                  | reading...
 55970 | Depths:3 | quicksilver dragon scales {rare}; a quicksilver dragon
                  | corpse
 55970 | Depths:3 | quicksilver dragon scales {rare}; a quicksilver dragon
                  | corpse
 55970 | Depths:3 | Could not pick up quicksilver dragon scales {rare} here;
                  | ([A]lways) ignore it?
 56635 | Depths:3 | Found a sacrificial altar of Ru.
 56785 | Depths:3 | Reached skill level 21 in Unarmed Combat
 56952 | Depths:3 | Identified the +1 chain mail "Witif" {Fly rC+ Int-4 Dex+3}
 56952 | Depths:3 | Identified the +7 chain mail of Ocva {rPois rN+ Will-}
 57067 | Depths:4 | Entered Level 4 of the Depths
 57077 | Depths:4 | Reached skill level 9 in Translocations
 57089 | Depths:4 | Reached skill level 12 in Air Magic
 57320 | Depths:4 | Found a one-way gateway to a ziggurat.
 57625 | Depths:4 | Identified the +6 sling of Courage {vorpal, Dex+4}
 57641 | Depths:4 | Reached skill level 21 in Fighting
 57642 | Depths:4 | Reached skill level 10 in Translocations
 57693 | Depths:4 | Identified the +5 chain mail of Cyov {rC- Regen+ Int+4}
 58054 | Depths:4 | Found a radiant altar of Vehumet.
 58180 | Depths:4 | Reached skill level 11 in Translocations
 58389 | Depths:4 | Found a gate to the Realm of Zot.
 58389 | Depths:4 | Noticed a golden dragon
 58393 | Depths:4 | Killed a golden dragon
 58393 | Depths:4 | Identified +0 gold dragon scales
 58404 | Depths:4 | +0 gold dragon scales {rare}; a golden dragon corpse
 58839 | Crypt:1  | Entered Level 1 of the Crypt
 58845 | Crypt:1  | Reached XP level 24. HP: 272/285 MP: 15/37
 58854 | Crypt:1  | Noticed Aizul
 58867 | Crypt:1  | Killed Aizul
 58867 | Crypt:1  | Identified the +0 kite shield of Syiwkaff {Str+4 Dex+5}
 58867 | Crypt:1  | Noticed Donald
 58871 | Crypt:1  | Noticed a curse skull
 59175 | Crypt:1  | Killed a curse skull
 59176 | Crypt:1  | Killed Donald
 59180 | Crypt:1  | Reached skill level 12 in Translocations
 59257 | Crypt:1  | Could not pick up a +0 eveningstar {macerare=g} and the +0
                  | kite shield of Syiwkaff {Str+4 Dex+5} here; ([A]lways)
                  | ignore them?
 59731 | Crypt:1  | You pick up a book of Conjurations {@e2} and begin
                  | reading...
 60001 | Crypt:2  | Reached skill level 13 in Translocations
 60309 | Crypt:2  | Reached skill level 16 in Spellcasting
 60576 | Crypt:2  | Found a basalt altar of Yredelemnul.
 60831 | Crypt:2  | You pick up a book of Hexes and begin reading...
 60831 | Crypt:2  | You add the spells Cause Fear and Discord to your library.
 61184 | Crypt:2  | Found an ancient bone altar of Kikubaaqudgha.
 61498 | Crypt:2  | Upgraded the game from 0.30-a0-263-ge22c4ad894 to
                  | 0.30-a0-269-gf0224bf7b6
 61564 | Crypt:3  | Entered Level 3 of the Crypt
 61671 | Crypt:3  | Found the +9 staff of Wucad Mu {*channel}
 61738 | Crypt:3  | Found a staircase to the Tomb.
 61966 | Crypt:3  | Noticed a curse toe
 61970 | Crypt:3  | Killed a curse toe
 61981 | Crypt:3  | Reached skill level 14 in Translocations
 62209 | Crypt:3  | Noticed a dread lich
 62210 | Crypt:3  | Killed a dread lich
 62257 | Crypt:3  | Noticed a dread lich
 62259 | Crypt:3  | Killed a dread lich
 62260 | Crypt:3  | Reached skill level 17 in Spellcasting
 62267 | Crypt:3  | Identified the ring of Ziejerr {Str+4 Int+6}
 62274 | Crypt:3  | Got A Tutorial on Spellweaving
 62276 | Crypt:3  | Identified the amulet of Fineve {Reflect Harm SH+5}
 62281 | Crypt:3  | You pick up a book of the Tundra and begin reading...
 62285 | Crypt:3  | You add the spells Anguish and Borgnjor's Revivification to
                  | your library.
 62285 | Crypt:3  | Got Sawiem's Volume of Shadows
 62399 | Crypt:3  | Could not pick up a +2 quick blade of draining
                  | {shortrare=g} here; ([A]lways) ignore it?
 62729 | Crypt:3  | Found a basalt altar of Yredelemnul.
 63021 | Vaults:5 | Entered Level 5 of the Vaults
 63082 | Vaults:5 | Reached skill level 15 in Translocations
 63298 | Vaults:5 | Reached XP level 25. HP: 297/305 MP: 35/39
 63300 | Vaults:5 | Identified the +9 halberd "Fonaycw" {drain, rElec Stlth+}
 63305 | Vaults:5 | Identified the ring "Kyjafas" {rElec rPois rF+ rN+ Will+}
 63322 | Vaults:5 | Identified the ring of the Gloaming {+Blink rF- rC++ Will+
                  | MP+9}
 63342 | Vaults:5 | Reached skill level 16 in Translocations
 63360 | Vaults:5 | HP: 72/305 [tentacled monstrosity (8)]
 64017 | Vaults:5 | You pick up a book of Annihilations and begin reading...
 64017 | Vaults:5 | You add the spells Chain Lightning and Shatter to your
                  | library.
 64109 | Vaults:5 | Identified the ring "Norhilar" {Str+3 Int+6 Stlth+}
 64155 | Vaults:5 | Reached skill level 22 in Fighting
 64167 | Vaults:5 | Got a silver rune of Zot
 64594 | Vaults:5 | Could not pick up a +0 triple sword of holy wrath
                  | {longrare=g} here; ([A]lways) ignore it?
 64637 | Vaults:5 | Noticed an ancient lich
 64642 | Vaults:5 | Killed an ancient lich
 64649 | Vaults:5 | You pick up a book of Death and begin reading...
 64896 | Vaults:5 | Got Muammael's Exposition on Fiery Shifting
 64921 | Vaults:5 | Reached skill level 22 in Unarmed Combat
 66095 | D:15     | Killed Jisiwi's ghost
 66263 | D:15     | Killed Roxanne
 66533 | Elf:3    | Killed SprigganGuy's ghost
 66554 | Elf:3    | Identified the ring of Jealousy {+Blink Fly rC+ Dex-3}
 66997 | Vaults:3 | Reached skill level 11 in Dodging
 67003 | Vaults:3 | Killed jejorda2's ghost
 67401 | Zot:1    | Entered Level 1 of the Realm of Zot
 67479 | Zot:1    | You pick up a book of Flames and begin reading...
 67480 | Zot:1    | Noticed an electric golem
 67504 | Zot:1    | Killed an electric golem
 67506 | Zot:1    | Noticed an electric golem
 67509 | Zot:1    | Killed an electric golem
 67585 | Zot:1    | You pick up a book of Debilitation and begin reading...
 67671 | Zot:1    | Reached skill level 12 in Dodging
 67676 | Zot:1    | +0 shadow dragon scales {rare}; a shadow dragon corpse
 67702 | Zot:1    | +0 shadow dragon scales {rare}; a shadow dragon corpse
 67746 | Zot:1    | Acquired 1037 gold pieces
 67747 | Zot:1    | Acquired 1218 gold pieces
 67748 | Zot:1    | Acquired 1227 gold pieces
 67794 | Zot:1    | Reached XP level 26. HP: 281/322 MP: 29/39
 67860 | Zot:1    | +0 storm dragon scales {rare}; a storm dragon corpse
 68418 | Zot:2    | Noticed Grunn
 68422 | Zot:2    | Killed Grunn
 68423 | Zot:2    | Reached skill level 23 in Fighting
 68423 | Zot:2    | Noticed a curse toe
 68429 | Zot:2    | HP: 64/326 [??? (50)]
 68434 | Zot:2    | HP: 34/326 [tentacled monstrosity (3)]
 68438 | Zot:2    | HP: 12/326 [???[a doom hound] (7)]
 68440 | Zot:2    | Killed a curse toe
 68444 | Zot:2    | HP: 27/326 [???[a doom hound] (19)]
 68444 | Zot:2    | HP: 9/317 [Tzitzimitl/bolt of negative energy[a doom hound]
                  | (18)]
 68449 | Zot:2    | HP: 16/317 [Tzitzimitl[a doom hound] (9)]
 68452 | Zot:2    | HP: 2/317 [Tzitzimitl[a doom hound] (9)]
 68452 | Zot:2    | Slain by a Tzitzimitl

Vanquished Creatures
  An ancient lich (Vaults:5)
  3 dread liches
  A juggernaut (Depths:3)
  Sojobo (Vaults:4)
  Vv (Depths:2)
  Frederick (Vaults:2)
  4 golden dragons
  2 curse toes
  The ghost of jejorda2 the Merfolkian Porcupine, an adept MfBe of Trog (Vaults:3)
  2 bone dragons
  3 doom hounds (Zot:2)
  8 tentacled monstrosities
  Zenata (Vaults:1)
  2 electric golems (Zot:1)
  Asterion (Snake:4)
  Grunn (Zot:2)
  7 liches
  8 titans
  2 deep elf blademasters
  4 death cobs
  A walking frostbound tome (Depths:3)
  2 deep elf master archers (Elf:3)
  A quicksilver dragon (Depths:3)
  Frances (D:13)
  8 ancient champions
  Gastronok (Lair:2)
  7 sphinxes
  10 shadow dragons
  A draconian monk (Zot:2)
  14 tengu reavers
  5 storm dragons
  2 thorn hunters (Swamp:4)
  Roxanne (D:15)
  The ghost of Jisiwi the Warrior, an adept GrFi of the Shining One (D:15)
  7 nagarajas
  11 frost giants
  The ghost of SprigganGuy the Warrior, an adept VSBr of Gozag (Elf:3)
  Aizul (Crypt:1)
  Donald (Crypt:1)
  14 vault wardens
  10 fire giants
  5 deep elf sorcerers
  A revenant (Crypt:1)
  2 iron dragons (shapeshifter) (Depths:2)
  4 draconian scorchers
  A balrug (Depths:4)
  A spriggan defender (Depths:3)
  An iron dragon (Depths:2)
  A curse skull (Crypt:1)
  3 deep elf elementalists (Elf:3)
  A draconian shifter (Zot:1)
  A draconian annihilator (Depths:4)
  A ghoul (Crypt:2)
  6 war gargoyles
  A broodmother (shapeshifter) (Elf:3)
  17 ironbound preservers
  18 very ugly things
  5 orc warlords
  3 reapers
  4 vampire knights
  12 stone giants
  2 caustic shrike skeletons
  9 ironbound thunderhulks
  5 eleionomae
  8 black draconians
  12 deep elf annihilators
  A white draconian (Zot:2)
  4 dire elephants
  3 purple draconians
  Nessos (D:15)
  5 deep elf demonologists
  A spark wasp (shapeshifter) (Vaults:5)
  2 spark wasps (Depths:2)
  6 yellow draconians
  Azrael (Orc:2)
  7 red draconians
  4 bunyips
  14 jiangshi
  An acid blob zombie (Crypt:2)
  3 crystal guardians
  19 ettins
  A merfolk javelineer (Depths:1)
  3 eidola
  6 fire dragons
  4 mummy priests
  A fire dragon (shapeshifter) (Depths:2)
  11 deep elf death magi
  5 deep elf high priests
  3 entropy weavers
  A shambling mangrove (Swamp:4)
  12 yaktaur captains
  5 great orbs of eyes
  3 ice dragons
  2 salamander tyrants
  A quicksilver dragon skeleton (Crypt:3)
  5 rakshasas
  37 vault guards
  2 catoblepae (Lair:5)
  7 ogre magi
  2 peacekeepers (Vaults:4)
  13 centaur warriors
  14 hydras
  3 juggernaut simulacra (Depths:2)
  3 ghost crabs
  2 two-headed ogres (shapeshifter)
  6 spriggan air magi
  9 ironbound frosthearts
  12 anacondas
  A radroach (shapeshifter) (Depths:1)
  An alligator (shapeshifter) (Depths:2)
  6 boulder beetles
  15 dancing weapons
  4 tengu warriors
  7 alligators
  17 death yaks
  A death scarab (Depths:4)
  13 deep troll earth magi
  4 orc high priests (Orc:2)
  6 death knights
  5 two-headed ogres
  8 deep troll shamans
  A death yak (shapeshifter) (Depths:3)
  12 vampire magi
  12 naga warriors
  2 sun demons (Depths:4)
  2 titan zombies
  2 thrashing horrors (Lair:5)
  9 large abominations
  4 soul eaters
  11 hell knights
  10 shock serpents
  A shock serpent (shapeshifter) (Elf:3)
  11 iron trolls
  A fire crab (Lair:5)
  16 naga sharpshooters
  A shadow wraith (Vaults:5)
  9 deep elf knights
  4 goliath frogs
  2 salamander mystics
  16 skeletal warriors
  A sea snake (shapeshifter) (Vaults:1)
  5 sea snakes (Snake:4)
  An anaconda zombie (Crypt:2)
  A deep troll (shapeshifter) (Depths:2)
  An orb spider (shapeshifter) (Elf:3)
  Lodul (D:11)
  10 wizards
  An iron giant zombie (Crypt:2)
  7 naga ritualists
  45 deep trolls
  3 bog bodies
  10 deep elf archers
  2 glowing orange brains
  14 ironbound convokers
  11 swamp dragons
  4 flayed ghosts
  A tengu zombie (Vaults:4)
  11 lindwurms
  14 phantasmal warriors
  4 necromancers
  3 harpies (Vaults:3)
  12 orc knights
  17 deep elf pyromancers
  A harpy (shapeshifter) (Lair:5)
  19 deep elf zephyrmancers
  4 orc sorcerers (Orc:2)
  A shadow dragon skeleton (Crypt:3)
  A will-o-the-wisp (Swamp:4)
  A manticore (shapeshifter) (Vaults:5)
  A tengu skeleton (Vaults:4)
  2 frost giant zombies
  3 human zombies
  14 mana vipers
  A stone giant zombie (WizLab)
  3 cyclopes
  A faun (Lair:2)
  The ghost of KennySheep the Changer, a novice BaTm (D:6)
  9 salamanders
  4 manticores
  10 moths of wrath
  A cyclops (shapeshifter) (D:12)
  A moth of wrath (shapeshifter) (Elf:3)
  42 ugly things
  Maurice (D:11)
  48 black mambas
  29 elephants
  A centaur zombie (Crypt:2)
  22 vault sentinels
  A black mamba (shapeshifter) (Depths:2)
  2 cane toads (shapeshifter)
  2 smoke demons
  6 guardian serpents
  14 naga magi
  An orange demon (D:10)
  3 gargoyles
  A minotaur zombie (Crypt:2)
  16 cane toads
  A shock serpent skeleton (Crypt:2)
  2 hellions (Zot:2)
  A kobold demonologist (D:12)
  2 unseen horrors (D:12)
  A red draconian zombie (Crypt:3)
  11 komodo dragons
  32 yaktaurs
  2 rime drakes
  A yellow draconian skeleton (Crypt:2)
  An ancient zyme (Lair:5)
  9 freezing wraiths
  An iron troll zombie (Crypt:3)
  3 guardian mummies (WizLab)
  A hydra zombie (Crypt:2)
  A green draconian skeleton (Crypt:3)
  3 bloated husks
  2 red devils (D:10)
  A polar bear (Lair:3)
  2 white draconian skeletons
  3 meliai (D:15)
  6 tyrant leeches
  3 tengu conjurers
  6 trolls
  A raiju (shapeshifter) (Lair:5)
  A hornet (shapeshifter) (Elf:2)
  A death drake zombie (Crypt:3)
  2 wind drakes (shapeshifter)
  A tyrant leech (shapeshifter) (Elf:3)
  A harpy skeleton (Crypt:2)
  9 hornets
  20 blink frogs
  3 spriggan zombies (WizLab)
  6 dream sheep (Lair:5)
  A tarantella (Vaults:5)
  2 stone giant simulacra (Vaults:4)
  20 slime creatures
  A fire dragon zombie (WizLab)
  A guardian serpent skeleton (Crypt:3)
  2 ettin zombies
  A satyr zombie (Crypt:3)
  9 flying skulls
  2 ynoxinuls (Lair:5)
  A centaur simulacrum (D:14)
  4 wyverns
  A vampire (D:11)
  56 yaks
  7 spriggans
  15 water elementals
  9 wraiths
  6 fire elementals
  A human (D:14)
  3 steam dragons (D:9)
  A redback (shapeshifter) (Elf:3)
  6 basilisks
  7 vampire mosquitoes
  3 redbacks (Vaults:5)
  3 chaos spawn
  Menkaure (D:7)
  A naga (shapeshifter) (Elf:3)
  A swamp worm (shapeshifter) (Elf:1)
  A warg (Orc:2)
  35 nagas
  3 glowing shapeshifter zombies (WizLab)
  17 swamp worms
  24 water moccasins
  3 hell hounds (Orc:2)
  A naga skeleton (Crypt:2)
  A merfolk skeleton (Crypt:3)
  3 ice beasts
  29 orc warriors
  6 swamp drakes
  A sky beast (D:5)
  A black bear (shapeshifter) (Depths:2)
  2 black bears
  19 wolves
  4 centaurs
  6 ogres
  2 wolves (shapeshifter) (Elf:3)
  A boggart (Vaults:1)
  A phantom (D:7)
  An elf zombie (Crypt:2)
  3 kobold brigands
  3 necrophages
  5 gnoll sergeants
  A vine stalker zombie (Crypt:3)
  13 bullfrogs
  A scorpion (Lair:1)
  15 small abominations
  2 earth elementals
  An elf skeleton (Crypt:2)
  A wyvern skeleton (Crypt:1)
  9 killer bees
  A troll skeleton (Crypt:1)
  5 howler monkeys
  4 electric eels
  A crimson imp (D:6)
  A bullfrog zombie (Crypt:1)
  A lava snake (Lair:2)
  2 quasits (D:10)
  6 hounds
  21 orc priests
  3 gnoll boudas
  4 iguanas
  27 orc wizards
  A hound zombie (Crypt:1)
  7 adders
  33 gnolls
  3 shadow imps
  A white imp (D:6)
  An ufetubus (D:3)
  An adder zombie (Crypt:2)
  3 worms
  A dart slug (D:2)
  85 orcs
  3 endoplasms
  5 giant cockroaches
  A gnoll zombie (Crypt:1)
  4 goblins
  15 hobgoblins
  8 jackals
  2 quokkas
  7 ball pythons
  4 bats
  A frilled lizard (D:3)
  21 kobolds
  An orc skeleton (Crypt:1)
  3 rats
  A lurking horror (D:7)
1991 creatures vanquished.

Vanquished Creatures (collateral kills)
  A deep elf elementalist (Elf:3)
1 creature vanquished.

Vanquished Creatures (others)
  A satyr (shapeshifter) (Elf:3)
  A deep elf zephyrmancer (Elf:3)
  A naga mage (Snake:4)
  A bloated husk (Swamp:1)
  An orc (Orc:2)
  2 bushes
  4 foxfires (Swamp:4)
  32 fungi
  A lurking horror (D:7)
  117 plants
161 creatures vanquished.

Grand Total: 2153 creatures vanquished

Table legend:
 A = Non-vault XP
 B = Vault XP
 C = Vault XP percentage of total XP
 D = Non-vault monster count
 E = Vault monster count
 F = Vault count percentage of total count
                 A         B        C        D         E       F
            +---------+---------+-------+---------+---------+-------
      Total |  546476 |  593603 |  52.1 |    1182 |     812 |  40.7
            +---------+---------+-------+---------+---------+-------
        D:1 |      16 |       0 |   0.0 |      10 |       0 |   0.0
        D:2 |      71 |       0 |   0.0 |      23 |       0 |   0.0
        D:3 |     152 |       0 |   0.0 |      27 |       0 |   0.0
        D:4 |     526 |       0 |   0.0 |      20 |       0 |   0.0
        D:5 |     449 |       0 |   0.0 |      18 |       0 |   0.0
        D:6 |     948 |    1015 |  51.7 |      17 |      23 |  57.5
        D:7 |    1963 |     992 |  33.6 |      31 |       2 |   6.1
        D:8 |     710 |    2431 |  77.4 |      18 |       6 |  25.0
        D:9 |    2335 |     179 |   7.1 |      37 |       1 |   2.6
       D:10 |    1336 |    2692 |  66.8 |       6 |      13 |  68.4
       D:11 |    2805 |    1679 |  37.4 |      14 |       6 |  30.0
       D:12 |    5752 |    8726 |  60.3 |      15 |      12 |  44.4
       D:13 |    2752 |    2633 |  48.9 |       6 |       3 |  33.3
       D:14 |    3377 |    7113 |  67.8 |       8 |      10 |  55.6
       D:15 |   12995 |    7504 |  36.6 |      23 |       8 |  25.8
     Lair:1 |    2693 |     389 |  12.6 |      12 |       1 |   7.7
     Lair:2 |    7124 |    6518 |  47.8 |      25 |      32 |  56.1
     Lair:3 |   11699 |    1064 |   8.3 |      40 |       4 |   9.1
     Lair:4 |   13406 |     322 |   2.3 |      40 |       1 |   2.4
     Lair:5 |   20052 |   11683 |  36.8 |      42 |      41 |  49.4
    Swamp:1 |   11758 |       0 |   0.0 |      26 |       0 |   0.0
    Swamp:2 |    8811 |       0 |   0.0 |      14 |       0 |   0.0
    Swamp:3 |    7717 |       0 |   0.0 |      16 |       0 |   0.0
    Swamp:4 |   14212 |   14633 |  50.7 |      23 |      22 |  48.9
    Snake:1 |    6410 |       0 |   0.0 |      16 |       0 |   0.0
    Snake:2 |   22110 |       0 |   0.0 |      38 |       0 |   0.0
    Snake:3 |   21443 |    5365 |  20.0 |      44 |      12 |  21.4
    Snake:4 |   26213 |   26684 |  50.4 |      50 |      36 |  41.9
      Orc:1 |    1670 |       0 |   0.0 |      34 |       0 |   0.0
      Orc:2 |    2706 |   13084 |  82.9 |      31 |      77 |  71.3
      Elf:1 |   21326 |    6034 |  22.1 |      32 |       9 |  22.0
      Elf:2 |    1106 |   10311 |  90.3 |       4 |      17 |  81.0
      Elf:3 |    6431 |   41017 |  86.4 |      13 |      56 |  81.2
   Vaults:1 |   15002 |   28682 |  65.7 |      21 |      34 |  61.8
   Vaults:2 |   20165 |   21331 |  51.4 |      29 |      26 |  47.3
   Vaults:3 |   27812 |   39780 |  58.9 |      42 |      53 |  55.8
   Vaults:4 |   29990 |   33217 |  52.6 |      42 |      37 |  46.8
   Vaults:5 |   22830 |  100696 |  81.5 |      29 |      92 |  76.0
    Crypt:1 |   35354 |    2532 |   6.7 |      55 |       2 |   3.5
    Crypt:2 |   21031 |   10301 |  32.9 |      30 |      16 |  34.8
    Crypt:3 |    8935 |   26362 |  74.7 |      17 |      14 |  45.2
   Depths:1 |   21540 |   18005 |  45.5 |      35 |      19 |  35.2
   Depths:2 |       0 |   62040 | 100.0 |       0 |      56 | 100.0
   Depths:3 |   15641 |   30451 |  66.1 |      18 |      22 |  55.0
   Depths:4 |   41954 |   20168 |  32.5 |      50 |      19 |  27.5
      Zot:1 |   29430 |    2972 |   9.2 |      26 |       3 |  10.3
      Zot:2 |   13718 |   11122 |  44.8 |      15 |       8 |  34.8
     WizLab |       0 |   13876 | 100.0 |       0 |      19 | 100.0
            +---------+---------+-------+---------+---------+-------

Illustrated notes

Table legend:
 A = Kills in this place as a percentage of kills in entire the game.
 B = Kills by you in this place as a percentage of kills by you in the entire game.
 C = Kills by friends in this place as a percentage of kills by friends in the entire game.
 D = Other kills in this place as a percentage of other kills in the entire game.
 E = Experience gained in this place as a percentage of experience gained in the entire game.
 F = Experience gained in this place divided by the number of levels of this place that you have seen.
                   A       B       C       D       E      F
               +-------+-------+-------+-------+-------+----------------------
         Total | 100.0 | 100.0 | 100.0 | 100.0 | 100.0 | 23266.9
       Dungeon |  17.9 |  17.9 |   0.0 |   0.0 |   6.2 | 4743.4
          Lair |  11.9 |  12.0 |   0.0 |   0.0 |   6.6 | 14990.0
         Swamp |   5.1 |   5.1 |   0.0 |   0.0 |   5.0 | 14282.8
     Snake Pit |   9.8 |   9.8 |   0.0 |  33.3 |   9.5 | 27056.2
  Orcish Mines |   7.1 |   7.1 |   0.0 |   0.0 |   1.5 | 8730.0
   Elven Halls |   6.6 |   6.4 | 100.0 |  66.7 |   7.6 | 28741.7
        Vaults |  20.3 |  20.4 |   0.0 |   0.0 |  29.8 | 67901.0
         Crypt |   6.7 |   6.7 |   0.0 |   0.0 |   9.2 | 34838.3
        Depths |  11.0 |  11.0 |   0.0 |   0.0 |  18.4 | 52449.8
           Zot |   2.6 |   2.6 |   0.0 |   0.0 |   5.0 | 28621.0
        Wizlab |   1.0 |   1.0 |   0.0 |   0.0 |   1.2 | 13876.0
               +-------+-------+-------+-------+-------+----------------------

Table legend: (Time is in decaauts)
 A = Elapsed time spent in this place.
 B = Non-inter-level travel time spent in this place.
 C = Inter-level travel time spent in this place.
 D = Time resting spent in this place.
 E = Time spent auto-exploring this place.
 F = Levels seen in this place.
 G = Mean time per level.
                   A        B        C        D        E       F      G
               +--------+--------+--------+--------+--------+-----+--------+
         Total |  69302 |  63214 |   6088 |  13209 |  33111 |  49 | 1414.3 |
       Dungeon |  19619 |  17659 |   1960 |   3126 |  10596 |  15 | 1307.9 |
        Temple |    461 |    451 |     10 |    188 |    248 |   1 |  461.0 |
          Lair |   7360 |   6419 |    941 |    776 |   3943 |   5 | 1472.0 |
         Swamp |   4419 |   4260 |    159 |    890 |   2521 |   4 | 1104.8 |
     Snake Pit |   4320 |   4166 |    154 |    699 |   1775 |   4 | 1080.0 |
  Orcish Mines |   2501 |   2147 |    354 |    411 |   1127 |   2 | 1250.5 |
   Elven Halls |   6132 |   5677 |    455 |   2269 |   1769 |   3 | 2044.0 |
        Vaults |  11418 |  10331 |   1087 |   2417 |   5126 |   5 | 2283.6 |
         Crypt |   3756 |   3628 |    128 |    662 |   1971 |   3 | 1252.0 |
        Depths |   7694 |   6869 |    825 |   1466 |   3803 |   4 | 1923.5 |
           Zot |   1050 |   1038 |     12 |    162 |    230 |   2 |  525.0 |
        Wizlab |    567 |    567 |      0 |    140 |      0 |   1 |  567.0 |
               +--------+--------+--------+--------+--------+-----+--------+

Top non-repeatable levels by time:
   Elf:3: 3036 daAuts
Vaults:3: 2469 daAuts
Vaults:5: 2411 daAuts
Vaults:4: 2335 daAuts
Depths:1: 2332 daAuts
Vaults:1: 2315 daAuts
    D:15: 2123 daAuts
     D:7: 2000 daAuts
   Orc:2: 1962 daAuts
Depths:3: 1941 daAuts
  Lair:5: 1888 daAuts
Vaults:2: 1886 daAuts
Depths:2: 1778 daAuts
   Elf:1: 1677 daAuts
Depths:4: 1641 daAuts
